 Dungeon Crawl Stone Soup version 0.29-a0-334-gb41bcbb86e (webtiles) character file.

Game seed: 14454872514518019421

204742 brightshaft the Acrobat (level 18, -1/94 HPs)
             Began as a Spriggan Hunter on Apr 13, 2022.
             Was the Champion of Hepliaklqana.
             Succumbed to barbed spike wounds
             ... on level 3 of the Spider Nest on Apr 14, 2022.
             The game lasted 01:25:41 (33952 turns).

brightshaft the Acrobat (Spriggan Hunter)          Turns: 33952, Time: 01:25:42

Health: -1/94      AC: 20    Str:  6    XL:     18   Next: 39%
Magic:  26/29      EV: 57    Int: 14    God:    Hepliaklqana [******]
Gold:   4545       SH:  0    Dex: 26    Spells: 17/30 levels left

rFire   . . .      SeeInvis +   Q - +7 fustibalus (flame)
rCold   . . .      Faith    .   (shield currently unavailable)
rNeg    + . .      Spirit   .   P - +2 troll leather armour
rPois   +          Reflect  .   S - +2 hat {Int+3}
rElec   .          Harm     .   U - +2 ratskin cloak {*Rats rPois rN+ Str-1 Int-1 Dex+1}
rCorr   .          Rampage  .   (gloves unavailable)
Will    +++..                   (boots unavailable)
Stlth   ++++......              s - amulet of the acrobat
HPRegen 1.05/turn               A - ring of the Tortoise {AC+8}
MPRegen 0.21/turn               p - +4 ring of slaying

@: spiked, acrobatic, on blink cooldown, very quick
A: reduced essence, very small, no large weapons, unfitting armour, see
invisible, speed 3
a: Renounce Religion, Recall Ancestor, Ancestor Identity, Transference, Idealise


You were on level 3 of the Spider Nest.
You worshipped Hepliaklqana.
Hepliaklqana was exalted by your worship.
You visited 5 branches of the dungeon, and saw 30 of its levels.
You visited 1 bazaar.
You also visited: Sewer and Bailey.

You collected 5902 gold pieces.
You spent 1357 gold pieces at shops.

Inventory:

Hand Weapons
 Q - a +7 fustibalus of flaming (weapon)
Missiles
 g - 34 poisoned darts
 K - 11 throwing nets
Armour
 P - a +2 troll leather armour (worn)
 S - a +2 hat of intelligence (worn)
 U - the +2 ratskin cloak (worn) {*Rats rPois rN+ Str-1 Int-1 Dex+1}
   (You found it on level 1 of the Lair of Beasts)

   When the wearer is hurt, rats may emerge from it to assist them.
   Str:       It affects your strength (-1).
   Int:       It affects your intelligence (-1).
   Dex:       It affects your dexterity (+1).
   rPois:     It protects you from poison.
   rN:        It protects you from negative energy.
Jewellery
 a - a ring of ice
 m - a ring of ice
 p - a +4 ring of slaying (right hand)
 s - an amulet of the acrobat (around neck)
 z - a +4 ring of evasion
 A - the ring of the Tortoise (left hand) {AC+8}
   (You found it in a sewer)

   [ring of protection]

   AC:        It affects your AC (+8).
 E - a ring of flight
 F - a ring of protection from fire
 N - the ring of Generosity {rPois Dex+3}
   (You found it on level 3 of the Elven Halls)

   [ring of poison resistance]

   Dex:       It affects your dexterity (+3).
   rPois:     It protects you from poison.
 O - a +6 ring of dexterity
Wands
 b - a wand of paralysis (4)
 n - a wand of acid (34)
 G - a wand of flame (73)
 H - a wand of iceblast (12)
 V - a wand of polymorph (4)
 X - a wand of charming (13)
Scrolls
 c - 6 scrolls of immolation
 j - 3 scrolls of silence
 k - 6 scrolls of blinking
 q - 2 scrolls of brand weapon
 r - 6 scrolls of amnesia
 C - 5 scrolls of fear
 D - 22 scrolls of teleportation
 I - 7 scrolls of fog
 J - 4 scrolls of identify
 L - 2 scrolls of holy word
 M - 2 scrolls of enchant armour
 Z - 6 scrolls of magic mapping
Potions
 d - 4 potions of heal wounds
 e - 17 potions of curing
 f - 7 potions of mutation
 h - 4 potions of might
 i - 3 potions of resistance
 l - 5 potions of attraction
 o - 3 potions of ambrosia
 t - 11 potions of lignification
 u - 2 potions of berserk rage
 w - 4 potions of flight
 x - 4 potions of invisibility
 B - 5 potions of brilliance
 R - 2 potions of cancellation
 W - 4 potions of haste
 Y - 3 potions of magic
Miscellaneous
 y - a tin of tremorstones (2/2)
 T - a lightning rod (4/4)


   Skills:
 * Level 15.8 Fighting
 - Level 18.0 Slings
 + Level 6.7 Armour
 * Level 23.4 Dodging
 - Level 6.8 Stealth
 - Level 6.9 Spellcasting
 - Level 8.3 Translocations
 - Level 5.0 Invocations
 - Level 13.1 Evocations


You had 17 spell levels left.
You knew the following spells:

 Your Spells              Type           Power      Damage    Failure   Level
a - Blink                 Tloc           56%        N/A       1%          2
b - Teleport Other        Tloc           28%        N/A       1%          3
c - Manifold Assault      Tloc           28%        N/A       19%         5
d - Portal Projectile     Hex/Tloc       32%        N/A       11%         3

Your spell library contained the following spells:

 Spells                   Type           Power      Damage    Failure   Level
 Gell's Gravitas          Tloc           28%        N/A       1%          3
 Lesser Beckoning         Tloc           28%        N/A       1%          3
 Foxfire                  Conj/Fire      16%        2x1d4     22%         1
 Magic Dart               Conj           16%        1d3       22%         1
 Sandblast                Erth           8%         2d5       22%         1
 Shock                    Conj/Air       16%        1d4       22%         1
 Sting                    Tmut/Pois      16%        1d3       22%         1
 Summon Small Mammal      Summ           16%        N/A       22%         1
 Corpse Rot               Necr/Air       8%         N/A       32%         2
 Passwall                 Tmut/Erth      3%         N/A       32%         2
 Poisonous Vapours        Pois/Air       8%         N/A       32%         2
 Searing Ray              Conj           8%         2d4       32%         2
 Static Discharge         Conj/Air       4%         N/A       32%         2
 Sublimation of Blood     Necr           4%         N/A       32%         2
 Wereblood                Tmut           4%         N/A       32%         2
 Call Canine Familiar     Summ           4%         N/A       54%         3
 Conjure Flame            Conj/Fire      4%         6-21      54%         3
 Ignite Poison            Fire/Tmut/Pois 4%         N/A       54%         3
 Stone Arrow              Conj/Erth      8%         3d7       54%         3
 Swiftness                Air            4%         N/A       54%         3
 Tukima's Dance           Hex            4%         N/A       54%         3
 Summon Forest            Summ/Tloc      8%         N/A       71%         5
 Airstrike                Air            2%         N/A       91%         4
 Anguish                  Hex/Necr       2%         N/A       91%         4
 Animate Armour           Summ/Erth      8%         N/A       91%         4
 Animate Dead             Necr           2%         N/A       91%         4
 Cause Fear               Hex            2%         N/A       91%         4
 Dispel Undead            Necr           4%         3d7       91%         4
 Fulminant Prism          Conj/Hex       2%         3d6       91%         4
 Hailstorm                Conj/Ice       4%         3d4       91%         4
 Ice Form                 Ice/Tmut       4%         N/A       91%         4
 Leda's Liquefaction      Hex/Erth       2%         N/A       91%         4
 Olgreb's Toxic Radiance  Pois           4%         N/A       91%         4
 Petrify                  Tmut/Erth      4%         N/A       91%         4
 Sticky Flame             Conj/Fire      4%         2d3       91%         4
 Blade Hands              Tmut           2%         N/A       99%         5
 Borgnjor's Vile Clutch   Necr/Erth      2%         N/A       99%         5
 Excruciating Wounds      Necr           2%         N/A       99%         5
 Irradiate                Conj/Tmut      2%         3d14      99%         5
 Lee's Rapid Deconstruct  Erth           2%         3d5*      99%         5
 Summon Mana Viper        Hex/Summ       4%         N/A       99%         5
 Conjure Ball Lightning   Conj/Air       2%         3x3d6     100%        6
 Death Channel            Necr           2%         N/A       100%        6
 Iron Shot                Conj/Erth      2%         9d2       100%        6
 Simulacrum               Ice/Necr       2%         N/A       100%        6
 Statue Form              Tmut/Erth      2%         N/A       100%        6
 Summon Cactus Giant      Summ           2%         N/A       100%        6
 Dragon Form              Tmut           2%         N/A       100%        7
 Enfeeble                 Hex            2%         N/A       100%        7
 Summon Hydra             Summ           2%         N/A       100%        7
 Borgnjor's Revivificati  Necr           2%         N/A       100%        8
 Discord                  Hex            2%         N/A       100%        8
 Disjunction              Tloc           14%        N/A       100%        8
 Lehudib's Crystal Spear  Conj/Erth      2%         10d2      100%        8
 Necromutation            Tmut/Necr      2%         N/A       100%        8
 Death's Door             Necr           2%         N/A       100%        9
 Dragon's Call            Summ           2%         N/A       100%        9
 Shatter                  Erth           2%         3d6*      100%        9


Dungeon Overview and Level Annotations

Branches:
Dungeon (15/15)            Temple (0/1) D:6            Lair (6/6) D:11
  Swamp (0/4) Lair:2       Spider (4/4) Lair:3        Slime (0/5) Lair:5
    Orc (2/2) D:10            Elf (3/3) Orc:2        Vaults (0/5) D:13
 Depths (0/4) D:15          Sewer (visited)          Bailey (visited)

Altars:
Ashenzari
Cheibriados
Hepliaklqana
Ru
Vehumet
Xom
Yredelemnul
Beogh

Shops:
D:4 =   D:12 (   Orc:2 !:?*([(?   Elf:1 :==   Elf:2 *?!*

Annotations:
D:12 exclusion: obsidian statue
Lair:1 1 runed translucent door, Xozoco's ghost, journeyman MfGl


Innate Abilities, Weirdness & Mutations

Your life essence is reduced to manifest your ancestor. (-10% HP)
You are very small and have problems with some larger weapons.
You are too small for most types of armour.
You have supernaturally acute eyesight. (SInv)
You cover ground extremely quickly. (Speed+++)


Message History

Barbed spikes become lodged in your body.
The boulder beetle completely misses you.
The steelbarb worm closely misses you. The redback misses you.
Your river rat bites the steelbarb worm but does no damage.
The barbs in your skin will harm you if you move.
Continue?
Okay, then.
The barbs in your skin will harm you if you move.
Continue?
The boulder beetle closely misses you. The redback bites you!
* * * LOW HITPOINT WARNING * * *
Joell hits the boulder beetle but does no damage.
Joell hits the redback with a +0 broad axe of flaming.
Joell burns the redback.
The steelbarb worm hits you.
* * * LOW HITPOINT WARNING * * *
Barbed spikes become lodged in your body.
Joell blocks the redback's attack.
The boulder beetle barely misses you.
Your river rat barely misses the boulder beetle.
The barbed spikes dig painfully into your body as you move.
* * * LOW HITPOINT WARNING * * *
You climb upwards.
There is a stone staircase leading down here.
You feel much better.
You feel stable enough to blink again. The redback barely misses you.
The boulder beetle completely misses you.
The steelbarb worm completely misses you.
The boulder beetle barely misses you. The redback completely misses you.
Casting: Blink (safe; 1% risk of failure)
Press: ? - help, Q - select action, (/) - cycle Dir - look around, f - activate You blink.
The boulder beetle curls into a ball and begins rolling!
The barbed spikes dig painfully into your body as you move.
* * * LOW HITPOINT WARNING * * *
The barbed spikes dig painfully into your body as you move.
* * * LOW HITPOINT WARNING * * *
A river rat scurries out from under your cloak.
The boulder beetle curls into a ball and begins rolling!
The barbed spikes dig painfully into your body as you move.
* * * LOW HITPOINT WARNING * * *
The barbed spikes dig painfully into your body as you move.
You die...

##### ### ### #####...####.#
###.# #.........##.## # #^..##
##.B..r....##..### ##
.###.###°>°Bw.s.@.#..#..# ##.
###^..##..........#....########..
...^...#.......^.#.#.....##......
..#####.#.....###..#......#..#...
### ##...#### ##.##....###.#...
## ##### #.##...## #.#... .#
###.## ##....## ####...
.#####....## ##.###..###.###..
#.##R.####.# ##...........###..


You could see 2 boulder beetles, a steelbarb worm, a redback and a friendly
river rat.

Vanquished Creatures
  2 deep elf blademasters (Elf:3)
  Frances (Elf:1)
  A deep elf master archer (Elf:3)
  Gastronok (Lair:1)
  2 sphinxes (Elf:2)
  An emperor scorpion (Spider:3)
  7 deep elf sorcerers
  Louise (D:14)
  6 deep elf elementalists (Elf:3)
  2 broodmothers
  An entropy weaver (Spider:1)
  4 deep elf demonologists (Elf:3)
  The ghost of Mostra the Thaumaturge, a journeyman DjFE of Gozag (D:14)
  12 deep elf annihilators (Elf:3)
  A spark wasp (Spider:3)
  5 deep elf death magi
  3 deep elf high priests (Elf:3)
  A vault guard (D:13)
  7 hydras
  An ogre mage (D:15)
  3 boulder beetles
  A catoblepas (Elf:2)
  A jorogumo (Spider:1)
  3 radroaches (Spider:4)
  A death knight (D:13)
  19 dancing weapons (Elf:2)
  A centaur warrior (D:14)
  2 tengu warriors (D:14)
  9 two-headed ogres
  Urug (D:11)
  3 death yaks (Lair:5)
  Nergalle (Orc:1)
  15 deep elf knights
  Amaemon (Lair:2)
  A sun moth (Spider:4)
  6 skeletal warriors (D:13)
  Lodul (D:13)
  3 pharaoh ants
  2 steelbarb worms (Spider:1)
  8 orb spiders
  A bog body (Lair:2)
  5 deep elf archers
  A harpy (Elf:2)
  10 orc knights
  31 deep elf pyromancers
  A necromancer (D:15)
  25 deep elf zephyrmancers
  4 ugly things (D:14)
  8 wolf spiders
  Pikel (D:8)
  4 orc sorcerers
  3 oklob plants (Lair:5)
  2 moths of wrath (Spider:2)
  4 cyclopes
  8 manticores
  2 torpor snails
  6 black mambas
  6 elephants (Lair:5)
  A centaur skeleton (D:15)
  An orange demon (Lair:2)
  8 cane toads
  An unseen horror (D:11)
  4 rime drakes
  A tengu conjurer (D:12)
  2 efreet
  7 demonic crawlers
  9 komodo dragons
  2 freezing wraiths
  A polar bear (Lair:2)
  5 trolls
  8 meliai
  21 tarantellas
  3 hornets
  4 blink frogs (Lair:4)
  3 dream sheep (Lair:5)
  13 slime creatures
  A meliai zombie (D:15)
  A blink frog (shapeshifter) (D:13)
  9 culicivoras
  2 shadows
  25 jumping spiders
  A centaur simulacrum (D:15)
  A water elemental (Elf:1)
  35 yaks
  3 vampires
  A ynoxinul (Lair:6)
  5 wyverns
  6 wraiths
  7 basilisks
  Grum (D:10)
  3 fire elementals
  5 hogs (Elf:1)
  30 redbacks
  A steam dragon (D:8)
  3 vampire mosquitoes (D:14)
  7 wargs
  2 acid dragons
  Duvessa (D:7)
  6 hell hounds (Elf:2)
  14 water moccasins
  32 orc warriors
  3 small abominations (Lair:6)
  2 ice beasts
  3 sky beasts
  4 black bears
  5 ogres
  22 wolves
  8 centaurs
  4 lemures (D:8)
  4 kobold brigands
  A phantom (D:6)
  A necrophage (D:4)
  6 gnoll sergeants
  19 bullfrogs
  An earth elemental (Elf:1)
  5 scorpions
  13 wights
  Dowan (D:7)
  4 killer bees (D:8)
  2 electric eels
  9 howler monkeys
  A quasit (D:12)
  11 orc priests
  4 jellies
  2 gnoll shamans (D:10)
  11 hounds
  2 iguanas
  11 orc wizards
  5 hell rats (Lair:4)
  38 gnolls
  12 adders
  6 worms
  3 dart slugs
  89 orcs
  9 ball pythons
  13 endoplasms
  13 giant cockroaches
  3 goblins
  6 hobgoblins
  5 jackals
  3 quokkas
  4 bats
  16 frilled lizards
  8 kobolds
  6 rats
958 creatures vanquished.

Vanquished Creatures (collateral kills)
  Zenata (Elf:1)
  A sphinx (Elf:2)
  Kirke (Elf:1)
  Agnes (D:14)
  2 broodmothers
  An entropy weaver (Spider:4)
  A spark wasp (Spider:3)
  A deep elf death mage (Elf:3)
  Josephine (Lair:6)
  A hydra (Elf:2)
  2 boulder beetles
  2 centaur warriors
  2 death yaks (Lair:5)
  A dancing weapon (Elf:2)
  A skeletal warrior (D:13)
  A sun moth (Spider:4)
  2 pharaoh ants (Spider:4)
  An orb spider (Spider:1)
  A deep elf archer (Elf:2)
  3 orc knights
  2 deep elf zephyrmancers
  2 deep elf pyromancers
  7 wolf spiders
  An orc sorcerer (Orc:2)
  A manticore (Elf:2)
  4 elephants (Lair:5)
  A naga mage (D:15)
  A centaur zombie (D:15)
  2 torpor snails
  A centaur skeleton (D:15)
  3 demonic crawlers
  A meliai (Spider:4)
  A tarantella (Spider:4)
  2 blink frogs (Lair:6)
  A dream sheep (Lair:5)
  4 jumping spiders
  4 culicivoras
  2 hogs (Elf:1)
  A wraith (Lair:6)
  11 redbacks
  A basilisk (Lair:6)
  2 yaks (D:10)
  2 wargs (Orc:2)
  6 orc warriors (Orc:2)
  A bullfrog (D:7)
  A killer bee (D:8)
  A gnoll shaman (D:7)
  A hound (D:10)
  An orc wizard (D:9)
  2 gnolls (D:9)
  3 orcs
100 creatures vanquished.

Vanquished Creatures (others)
  An orb spider (Spider:1)
  A large abomination (D:12)
  A redback (Spider:4)
  13 knights
  2 ancestors
  2 white imps (D:12)
  2 ufetubi (D:12)
  A butterfly (Lair:5)
  17 fungi
  34 plants
74 creatures vanquished.

Grand Total: 1132 creatures vanquished

Notes
Turn   | Place    | Note
-------+----------+-------------------------------------------
     0 | D:1      | brightshaft the Spriggan Hunter began the quest for the
                  | Orb.
     0 | D:1      | Reached XP level 1. HP: 10/10 MP: 2/2
    70 | D:1      | Reached skill level 5 in Slings
   146 | D:1      | Reached XP level 2. HP: 14/14 MP: 3/3
   316 | D:1      | Reached XP level 3. HP: 14/18 MP: 4/4
   852 | D:2      | Reached XP level 4. HP: 11/22 MP: 5/5
  1166 | D:2      | Identified the +1 robe of Music {rC+ Regen+ Int+6}
  1516 | D:3      | Found a glowing drain.
  1537 | Sewer    | Entered a sewer
  1602 | Sewer    | Reached XP level 5. HP: 25/25 MP: 6/6
  1716 | Sewer    | Found the ring of the Tortoise {AC+8}
  2182 | D:3      | Reached XP level 6. HP: 26/30 MP: 7/7
  2749 | D:4      | Reached skill level 10 in Slings
  2867 | D:4      | Reached XP level 7. HP: 33/33 MP: 8/8
  2873 | D:4      | Found Plog's Jewellery Shop.
  3577 | D:5      | Entered Level 5 of the Dungeon
  3772 | D:5      | Reached XP level 8. HP: 36/37 MP: 9/9
  4189 | D:5      | Found a hazy altar of Hepliaklqana.
  4189 | D:5      | Found a shimmering altar of Xom.
  4189 | D:5      | Found a broken altar of Ashenzari.
  4193 | D:5      | Found a snail-covered altar of Cheibriados.
  4211 | D:5      | Became a worshipper of Hepliaklqana the Forgotten
  4564 | D:6      | Found a staircase to the Ecumenical Temple.
  4638 | D:6      | Identified the +4 dagger of Maclyud {vorpal, Fly rElec
                  | Will+ SInv}
  4706 | D:6      | Found a large runed translucent door.
  4707 | D:6      | Found a large runed translucent door.
  4998 | D:6      | Found a sacrificial altar of Ru.
  5002 | D:6      | Found a basalt altar of Yredelemnul.
  5023 | D:6      | Reached XP level 9. HP: 41/41 MP: 10/10
  5155 | D:7      | Noticed Dowan
  5160 | D:7      | Killed Dowan
  5166 | D:7      | Noticed Duvessa
  5186 | D:7      | Killed Duvessa
  5206 | D:7      | Reached * piety under Hepliaklqana
  5277 | D:7      | Reached skill level 15 in Slings
  5554 | D:7      | Reached skill level 3 in Dodging
  5573 | D:7      | Reached skill level 4 in Dodging
  5577 | D:7      | Noticed an eight-headed hydra
  5586 | D:7      | Killed an eight-headed hydra
  5587 | D:7      | Reached skill level 5 in Dodging
  5603 | D:7      | Noticed a two-headed ogre
  5612 | D:7      | Killed a two-headed ogre
  5613 | D:7      | Reached skill level 6 in Dodging
  5613 | D:7      | Reached XP level 10. HP: 45/45 MP: 11/11
  5619 | D:7      | Reached skill level 7 in Dodging
  6688 | D:8      | Noticed Pikel
  6693 | D:8      | Killed Pikel
  6916 | D:8      | Reached skill level 5 in Fighting
  6918 | D:8      | Reached skill level 8 in Dodging
  7201 | D:8      | Reached ** piety under Hepliaklqana
  7202 | D:8      | Remembered your ancestor Joell as a knight
  7255 | D:8      | Reached skill level 9 in Dodging
  8107 | D:9      | Noticed a seven-headed hydra
  8112 | D:9      | Killed a seven-headed hydra
  8240 | D:9      | Identified a scroll of acquirement
  8240 | D:9      | Acquired 644 gold pieces
  8259 | D:9      | Reached skill level 10 in Dodging
  8327 | D:9      | Reached skill level 1 in Evocations
  8545 | D:9      | Noticed a two-headed ogre
  8553 | D:9      | Killed a two-headed ogre
  8554 | D:9      | Reached XP level 11. HP: 52/52 MP: 12/12
  8781 | D:9      | Found a flagged portal.
  8816 | Bailey   | Entered a bailey
  8950 | Bailey   | Noticed an orc knight
  8950 | Bailey   | Noticed an orc knight
  8967 | Bailey   | Killed an orc knight
  9030 | Bailey   | Killed an orc knight
  9331 | D:10     | Entered Level 10 of the Dungeon
  9338 | D:10     | Reached skill level 11 in Dodging
  9341 | D:10     | Reached *** piety under Hepliaklqana
  9662 | D:10     | Found a staircase to the Orcish Mines.
  9811 | D:10     | Reached skill level 5 in Evocations
  9970 | D:10     | Noticed Grum
  9982 | D:10     | Killed Grum
 11396 | Orc:1    | Entered Level 1 of the Orcish Mines
 11430 | Orc:1    | Noticed an orc sorcerer
 11438 | Orc:1    | Killed an orc sorcerer
 11439 | Orc:1    | Reached skill level 12 in Dodging
 11539 | Orc:2    | Entered Level 2 of the Orcish Mines
 11544 | Orc:2    | Found Odolliusm's Distillery.
 11583 | Orc:2    | Bought 2 potions of heal wounds for 160 gold pieces
 11666 | Orc:2    | Noticed an orc sorcerer
 11675 | Orc:2    | Killed an orc sorcerer
 11685 | Orc:2    | Found Ywedoded's Weapon Shoppe.
 11711 | Orc:2    | Noticed an orc knight
 11718 | Orc:2    | Killed an orc knight
 11771 | Orc:2    | Found Hoaceirph's Magic Scroll Shop.
 11780 | Orc:2    | Found Orphuuxke's General Store.
 11781 | Orc:2    | Reached **** piety under Hepliaklqana
 11817 | Orc:2    | Found a staircase to the Elven Halls.
 11915 | Orc:2    | Noticed an orc knight
 11924 | Orc:2    | Killed an orc knight
 11959 | Orc:2    | Reached XP level 12. HP: 58/58 MP: 13/13
 12061 | Orc:2    | Reached skill level 13 in Dodging
 12433 | Orc:2    | Found Ciavar's Magic Scroll Shoppe.
 12433 | Orc:2    | Found Ynaps's Book Shop.
 12475 | Orc:2    | Found Liass's Antique Weapon Shoppe.
 12475 | Orc:2    | Found Biliowni's Antique Armour Shop.
 12711 | Orc:2    | Bought a +0 fustibalus for 240 gold pieces
 13156 | Orc:1    | Noticed Nergalle
 13169 | Orc:1    | Killed Nergalle
 13170 | Orc:1    | Reached skill level 14 in Dodging
 13170 | Orc:1    | Reached skill level 10 in Evocations
 13460 | D:11     | Found a flickering gateway to a bazaar.
 13474 | Bazaar   | Entered a bazaar
 13506 | Bazaar   | Found Omifuus's Antique Weapon Emporium.
 13519 | Bazaar   | Found Loitu's Antique Weapon Shoppe.
 13536 | Bazaar   | Found Nirphyn's Antique Armour Shoppe.
 13547 | Bazaar   | Found Xucuckur's Antique Armour Emporium.
 13654 | D:11     | Noticed Urug
 13662 | D:11     | Killed Urug
 13817 | D:11     | Found a staircase to the Lair.
 14275 | Lair:1   | Entered Level 1 of the Lair of Beasts
 14287 | Lair:1   | Noticed Gastronok
 14305 | Lair:1   | Killed Gastronok
 14306 | Lair:1   | Reached XP level 13. HP: 63/63 MP: 14/14
 14324 | Lair:1   | Noticed Xozoco's ghost (journeyman MfGl)
 14326 | Lair:1   | Found a runed translucent door.
 14331 | Lair:1   | Reached ***** piety under Hepliaklqana
 14652 | Lair:1   | Found the +2 ratskin cloak {*Rats rPois rN+ Str-1 Int-1
                  | Dex+1}
 15389 | Lair:2   | Noticed Amaemon
 15402 | Lair:2   | Killed Amaemon
 15600 | Lair:2   | Found a staircase to the Swamp.
 16000 | Lair:3   | Found a hole to the Spider Nest.
 16115 | Lair:3   | Reached skill level 15 in Dodging
 16273 | Lair:3   | Reached skill level 10 in Fighting
 16431 | Lair:3   | You fall into a shaft and drop 3 floors!
 16431 | Lair:6   | Entered Level 6 of the Lair of Beasts
 16688 | Lair:6   | Noticed Josephine
 16697 | Lair:6   | Killed Josephine
 16698 | Lair:6   | Reached skill level 16 in Dodging
 16835 | Lair:5   | Reached XP level 14. HP: 53/71 MP: 9/15
 17276 | Lair:5   | Reached skill level 17 in Dodging
 17392 | Lair:5   | Found a staircase to the Slime Pits.
 18264 | Lair:4   | Reached ****** piety under Hepliaklqana
 18588 | Lair:4   | Reached skill level 5 in Stealth
 19617 | D:12     | Found Keuhoah's Weapon Emporium.
 20498 | D:13     | Reached skill level 18 in Dodging
 20689 | D:13     | Noticed Lodul
 20717 | D:13     | Killed Lodul
 21010 | D:13     | Reached XP level 15. HP: 69/76 MP: 10/16
 21297 | D:13     | Found a gate to the Vaults.
 21416 | D:14     | Found a runed translucent door.
 21416 | D:14     | Noticed Mostra's ghost (journeyman DjFE)
 21984 | D:14     | Killed Mostra's ghost
 22074 | D:14     | Noticed Louise
 22100 | D:14     | Killed Louise
 22101 | D:14     | Reached skill level 19 in Dodging
 22151 | D:14     | Noticed Agnes
 22160 | D:14     | Killed Agnes
 22809 | D:15     | Entered Level 15 of the Dungeon
 23037 | D:15     | Acquired 1164 gold pieces
 23068 | D:15     | Identified the +3 whip of Disaster {speed, rF+ Dex+3 SInv}
 23223 | D:15     | Found a radiant altar of Vehumet.
 23390 | D:15     | Found a staircase to the Depths.
 23589 | Elf:1    | Entered Level 1 of the Elven Halls
 23589 | Elf:1    | Noticed Kirke
 23608 | Elf:1    | Killed Kirke
 23759 | Elf:1    | Reached skill level 20 in Dodging
 23802 | Elf:1    | Noticed Frances
 23833 | Elf:1    | Killed Frances
 24039 | Elf:1    | Noticed a deep elf sorcerer
 24042 | Elf:1    | Killed a deep elf sorcerer
 24051 | Elf:1    | Got Vehumet's Disquisition on Conjuration
 24106 | Elf:1    | Noticed Zenata
 24125 | Elf:1    | Killed Zenata
 24272 | Elf:1    | Found Soybi's Book Emporium.
 24272 | Elf:1    | Found Kexidgh Jaiv's Jewellery Boutique.
 24273 | Elf:1    | Found Asifaist's Jewellery Boutique.
 24281 | Elf:1    | Bought a book of Spatial Translocations for 442 gold pieces
 24726 | Elf:1    | Learned a level 2 spell: Blink
 24774 | Elf:2    | Found Dompozatt's General Store.
 24779 | Elf:2    | Reached skill level 1 in Translocations
 24844 | Elf:2    | Reached skill level 1 in Spellcasting
 24863 | Elf:2    | Reached XP level 16. HP: 56/82 MP: 11/18
 24928 | Elf:2    | Found Jaduehy's General Store.
 24928 | Elf:2    | Found Hioloir's Distillery.
 24936 | Elf:2    | Found Funuoguy's Magic Scroll Shoppe.
 24949 | Elf:2    | Reached skill level 1 in Armour
 24952 | Elf:2    | Bought a potion of heal wounds for 95 gold pieces
 24954 | Elf:2    | Bought a potion of heal wounds for 90 gold pieces
 25001 | Elf:2    | Noticed a sphinx
 25012 | Elf:2    | Killed a sphinx
 25018 | Elf:2    | Noticed a sphinx
 25125 | Elf:2    | Noticed a sphinx
 25141 | Elf:2    | Killed a sphinx
 25230 | Elf:2    | Reached skill level 5 in Translocations
 25248 | Elf:2    | Killed a sphinx
 25318 | Elf:2    | Reached skill level 5 in Spellcasting
 25564 | D:4      | Bought an amulet of the acrobat for 330 gold pieces
 26054 | Elf:2    | Found a huge runed translucent gate.
 26054 | Elf:2    | Found a huge runed translucent gate.
 26054 | Elf:2    | Found a huge runed translucent gate.
 26055 | Elf:2    | Found a huge runed translucent gate.
 26056 | Elf:2    | Found a huge runed translucent gate.
 26389 | Elf:2    | Learned a level 3 spell: Teleport Other
 26395 | Elf:2    | Learned a level 5 spell: Manifold Assault
 26399 | Elf:2    | Learned a level 3 spell: Portal Projectile
 26600 | Elf:2    | Reached skill level 1 in Invocations
 26775 | Elf:3    | Entered Level 3 of the Elven Halls
 27173 | Elf:3    | Reached skill level 21 in Dodging
 27409 | Elf:3    | HP: 3/83 [deep elf annihilator/crystal spear (46)]
 27578 | Elf:3    | Reached XP level 17. HP: 65/87 MP: 28/28
 27734 | Elf:3    | Noticed a deep elf master archer
 27739 | Elf:3    | Killed a deep elf master archer
 27742 | Elf:3    | Noticed a deep elf blademaster
 27759 | Elf:3    | Killed a deep elf blademaster
 27814 | Elf:3    | Noticed a deep elf blademaster
 27826 | Elf:3    | Killed a deep elf blademaster
 27872 | Elf:2    | Reached skill level 5 in Armour
 28368 | Elf:3    | Identified the +5 hand axe "Demonslayer" {protect, rN+}
 28384 | Elf:3    | Identified the ring "Tonkito" {rPois rCorr Str+6 Int+8
                  | Slay-5}
 28391 | Elf:3    | Got Sif Muna's Catalogue of the Supportive Mountains
 28421 | Elf:3    | Identified the +8 chain mail "Zyquazad" {rCorr Int+3}
 28428 | Elf:3    | Identified the amulet "Teesus" {Faith Rampage Fly rElec
                  | rF-}
 28429 | Elf:3    | Identified the ring of Generosity {rPois Dex+3}
 28452 | Elf:3    | Reached skill level 22 in Dodging
 28947 | Spider:1 | Entered Level 1 of the Spider Nest
 29283 | Spider:1 | Reached skill level 5 in Invocations
 29285 | Spider:1 | Reached skill level 15 in Fighting
 31143 | Spider:3 | Reached XP level 18. HP: 93/93 MP: 29/29
 32279 | Spider:4 | Entered Level 4 of the Spider Nest
 32292 | Spider:4 | Reached skill level 23 in Dodging
 33946 | Spider:4 | HP: 3/94 [barbs]
 33952 | Spider:3 | Succumbed to barbed spike wounds

Illustrated notes

Levels and vault maps discovered:
D:1:      dpeg_arrival_rhombi, layout_loops_ring, minmay_misc_feat_square
D:2:      layout_rooms, kennysheep_generic_room_13
D:3:      layout_rooms, cheibrodos_sewer_entry_drain, minmay_crystal_water
D:4:      layout_layer_cave, serial_shops, nicolae_lakefront_shop,
          minmay_misc_feat_iff
D:5:      layout_basic, minitemple
D:6:      layout_loops_cross, jmf_multi_god_temple2,
          minmay_temple_entry_offerings, amcnicky_mini_pool_small,
          kennysheep_decorative_pillar, minmay_misc_feat_diagonals
D:7:      minmay_slanted_spiral_squares, layout_basic, hex_tiny, uniq_duvessa
D:8:      layout_layer_cave, serial_rivers, chequers_serial_rivers_small_3,
          chequers_serial_rivers_micro_c, chequers_serial_rivers_large_a,
          chequers_serial_rivers_small_3, chequers_serial_rivers_micro_e,
          uniq_pikel
D:9:      layout_stronghold, enter_bailey_4
D:10:     layout_cave_pools, orc_0_dummy, serial_gnoll_camp,
          gnoll_camp_mini_house, gnoll_camp_medium_02,
          gnoll_camp_mini_loothouse, gnoll_camp_huts_moat, grums_kennel
D:11:     layout_cave_pools, erik_lair_dragon, serial_shops, bzr_in_the_mist,
          minivault_27, uniq_urug
D:12:     layout_loops_ring, nicolae_stop_n_shop_1, hangedman_devilish_allure
D:13:     layout_basic, david_vaults_5, uniq_lodul
D:14:     layout_basic, gammafunk_ghost_grave, roderic_lattice_a, uniq_louise,
          uniq_agnes
D:15:     grunt_enter_depths_magical_seal, layout_loops_ring,
          roderic_roman_lattice, vehumet_altar_wand_db
Lair:1:   layout_cave_pods, hellmonk_ghost_happy_afterlife, uniq_gastronok
Lair:2:   layout_loops_ring, skrybe_swamp_entry_bodies, uniq_amaemon
Lair:3:   layout_regular_city, spider_nest_entry_web_field
Lair:4:   layout_layer_cave, nicolae_lair_lil_pond, lemuel_fruit_fields,
          grunt_megastairs_5, serial_bayou_shore_b
Lair:5:   minmay_lair_oklob_chamber, layout_small_grid,
          nicolae_slime_entry_slimehenge, lemuel_fruit_fields
Lair:6:   hellmonk_lair_end_abyssal_woods, layout_misc_corridors,
          gauntlet_entry_generic, hangedman_lair_generics_rect, uniq_josephine
Spider:1: layout_spider_delve, drop_trap
Spider:2: layout_chambers
Spider:3: layout_chambers, nicolae_spider_paper_wasps
Spider:4: hellmonk_spider_rune_bug_friends
Orc:1:    layout_caves, uniq_nergalle
Orc:2:    st_orc_town, layout_caves, serial_shops,
          nicolae_shop_advertising_works [nicolae_subvault_shop_adworks],
          nicolae_diamond_shop, shop, nicolae_shop_hallway_stairs
Elf:1:    layout_loops_corners, minmay_elf_sorcery, minmay_shop_grove,
          uniq_frances, uniq_kirke, uniq_zenata
Elf:2:    elven_hall_of_blades_hangedman_alternative
          [nicolae_blade_entry_sentries_behind_glass], layout_geoelf_octagon,
          serial_shops, nicolae_square_shop, special_room
          [special_room_mythical_zoo], minmay_shop_star
Elf:3:    minmay_elf_hall_four_x, layout_loops_corners, serial_aquarium,
          aquarium_bridge_long_joined [aquarium_subvault_wall,
          aquarium_subvault_bridge, aquarium_subvault_wall,
          aquarium_subvault_wall, aquarium_subvault_window,
          aquarium_subvault_bridge], aquarium_window_2, aquarium_window_fake,
          aquarium_view_2e, aquarium_pool_five, serial_sigils_hangedman_scratch

Skill      XL: |  1  2  3  4  5  6  7  8  9 10 11 12 13 14 15 16 17 18 |
---------------+-------------------------------------------------------+-----
Slings         | 5 6 7 8 10 12 14 16 18 | 18.0
Dodging        | 6 10 12 14 16 18 20 21 22 23 | 23.4
Fighting       | 4 6 8 9 11 12 13 14 15 | 15.8
Evocations     | 2 7 10 11 13 | 13.1
Stealth        | 6 |  6.8
Translocations | 1 8 |  8.3
Spellcasting   | 1 6 |  6.9
Armour         | 4 6 |  6.7
Invocations    | 2 5 |  5.0

Action                   |  1- 3 |  4- 6 |  7- 9 | 10-12 | 13-15 | 16-18 || total
-------------------------+-------+-------+-------+-------+-------+-------++-------
 Fire: Hunting sling     |    82 |   208 |   270 |   834 |       |       ||  1394
       Fustibalus        |       |       |       |   176 |  1304 |  1243 ||  2723
Throw: Dart              |       |       |       |       |    10 |       ||    10
       Throwing net      |       |       |       |       |     3 |       ||     3
 Cast: Blink             |       |       |       |       |       |     6 ||     6
Invok: Ancestor Identity |       |       |     1 |       |       |       ||     1
       Recall Ancestor   |       |       |       |    10 |    15 |    19 ||    44
       Ancestor Life: Kn |       |       |       |     1 |       |       ||     1
       Transference      |       |       |       |       |     2 |       ||     2
Evoke: Tin of tremorston |       |       |       |     1 |       |       ||     1
  Use: Scroll            |       |    12 |     4 |     9 |    16 |     7 ||    48
       Potion            |       |       |       |       |       |     7 ||     7
Armor: Robe              |     4 |    13 |    17 |     9 |       |       ||    43
       Troll leather arm |       |       |       |    12 |    77 |    64 ||   153
Dodge: Dodged            |    21 |    68 |    60 |   206 |   520 |   454 ||  1329

Table legend: (Time is in decaauts)
 A = Elapsed time spent in this place.
 B = Non-inter-level travel time spent in this place.
 C = Inter-level travel time spent in this place.
 D = Time resting spent in this place.
 E = Time spent auto-exploring this place.
 F = Levels seen in this place.
 G = Mean time per level.
                   A        B        C        D        E       F      G
               +--------+--------+--------+--------+--------+-----+--------+
         Total |  23788 |  22447 |   1341 |   2806 |  14366 |  33 |  720.8 |
       Dungeon |  11015 |  10393 |    622 |   1849 |   6596 |  15 |  734.3 |
          Lair |   3519 |   3337 |    182 |     15 |   2537 |   6 |  586.5 |
   Spider Nest |   3661 |   3528 |    133 |    938 |   1905 |   4 |  915.2 |
  Orcish Mines |   1510 |   1318 |    192 |      0 |    717 |   2 |  755.0 |
   Elven Halls |   3401 |   3190 |    211 |      3 |   2185 |   3 | 1133.7 |
        Bazaar |     64 |     64 |      0 |      0 |     60 |   1 |   64.0 |
         Sewer |    385 |    385 |      0 |      0 |    240 |   1 |  385.0 |
        Bailey |    230 |    230 |      0 |      0 |    122 |   1 |  230.0 |
               +--------+--------+--------+--------+--------+-----+--------+

Top non-repeatable levels by time:
Spider:3: 1941 daAuts
    D:10: 1771 daAuts
   Elf:2: 1369 daAuts
   Orc:2: 1194 daAuts
     D:7: 1178 daAuts
    D:13: 1140 daAuts
   Elf:3: 1131 daAuts
   Elf:1: 900 daAuts
  Lair:5: 892 daAuts
     D:8: 863 daAuts
     D:4: 854 daAuts
  Lair:4: 750 daAuts
     D:9: 715 daAuts
    D:14: 709 daAuts
Spider:2: 706 daAuts
